 Dungeon Crawl Stone Soup version 0.31.0-1-g2c135a008e (webtiles) character file.

Game seed: 14743844771269446906

674 qw the Shooter (level 7, -2/52 HPs)
             Began as a Djinni Hunter on Jan 23, 2024.
             Splashed by a jelly's acid (7 damage)
             ... on level 4 of the Dungeon.
             The game lasted 00:00:15 (3338 turns).

qw the Shooter (Djinni Hunter)                      Turns: 3338, Time: 00:00:15

Health: -2/52      AC:  2    Str: 16    XL:     7   Next: 90%
Gold:   97         EV: 12    Int: 11    God:
                   SH:  5    Dex: 18

rFire   + + .        a - +0 shortbow (chaos)
rCold   x . .        (shield currently unavailable)
rNeg    . . .        d - +0 ring mail
rPois   inf          (no helmet)
rElec   .            (no cloak)
rCorr   .            c - +0 pair of gloves
SInv    .            (boots unavailable)
Will    .....        b - amulet of reflection
Stlth   +            j - +6 ring of strength
HPRegen 0.28/turn    (no ring)
MPRegen 0.00/turn

%: reflection, infuse magic (-3 HP)
@: about to teleport, corroded, flying, slowed, very slow
A: sickness immunity, fire resistance 2, cold vulnerability 1, float, innate
caster, HP casting, extra vitality 1
a: no special abilities


You were on level 4 of the Dungeon.
You visited 1 branch of the dungeon, and saw 4 of its levels.

You collected 97 gold pieces.


Innate Abilities, Weirdness & Mutations

You are immune to sickness and miasma.
You are immune to poison.
Your flesh is very heat resistant. (rF++)
You are vulnerable to cold. (rC-)
You float through the air rather than walking.
You learn spells naturally, not from books.
Your magical power is your life essence.
You have superior vitality. (+4 MHP)


   Skills:
 - Level 4.1 Fighting
 - Level 6.4 Ranged Weapons
 - Level 1.0 Armour
 + Level 3.3 Dodging
 - Level 0.7 Stealth


You knew the following spells:

 Your Spells              Type           Power      Damage    Failure   Level
a - Sting                 Conj/Alch      0%         1d3       56%         1
b - Mercury Vapours       Alch/Air       0%         N/A       71%         2
c - Scorch                Fire           0%         2d5       71%         2
Your spell library was empty.

Inventory:

Hand Weapons
 a - a +0 shortbow of chaos (weapon)
Armour
 c - a +0 pair of gloves (worn)
 d - a +0 ring mail (worn)
Jewellery
 b - an amulet of reflection (around neck)
 j - a +6 ring of strength (left hand)
Wands
 e - a wand of polymorph (4)
 l - a wand of flame (3)
Scrolls
 i - 2 scrolls of teleportation
Potions
 g - a potion of magic {unknown}
 h - a potion of heal wounds
 k - a potion of enlightenment {unknown}

Dungeon Overview and Level Annotations

Branches:
Dungeon (4/15)
 Temple: D:4-7

Altars:
Cheibriados
Elyvilon
Makhleb
Nemelex Xobeh

Shops:
D:3 (

Annotations:
D:4 Natasha


Message History

The puff of flame misses Grinder.
Grinder hits you.
3333 ||| ZAPPING wand of flame (5) at 1,0 (Grinder; floor).
Aiming: Throw Flame
Press: ? - help, Q - select action, (/) - cycle Shift-Dir - straight line, f/p - Grinder The puff of flame hits Grinder!
Grinder is severely wounded.
Grinder blinks!
3334 ||| ZAPPING wand of flame (4) at 5,-6 (Grinder; floor).
Aiming: Throw Flame
Press: ? - help, Q - select action, (/) - cycle Shift-Dir - straight line, f/p - Grinder The puff of flame hits Grinder.
Grinder is almost dead.
Natasha extends her claws.
You shoot an arrow. The arrow hits Natasha!
Natasha looks weaker.
Natasha is heavily wounded.
The jelly hits you. The acid corrodes you!
You are splashed with acid.
Natasha closely misses you.
You shoot an arrow. The arrow hits Natasha.
You feel better.
Natasha is severely wounded.
Grinder blinks!
The jelly hits you.
You are splashed with acid!
Natasha stares at you and mumbles some strange words.
You feel yourself slow down. The jelly hits you but does no damage.
Grinder gestures at you. Pain shoots through your body!
Enter note:
Enter note:
Enter note: You shoot an arrow.
The arrow hits Grinder.
You kill Grinder!
Natasha claws you. You block the jelly's attack. Natasha casts a spell at you.
The magic dart hits you.
Your Ranged Weapons skill increases to level 6!
3338 ||| READING 3 scrolls of teleportation.
As you read the scroll of teleportation, it crumbles to dust.
You feel strangely unstable. The jelly misses you. You block Natasha's attack.
The jelly hits you.
You are splashed with acid!
You die...

.# ............... .
............... .
............... ..
............... ......
............... ##.....
......................##
.......Jh........#......
.......@..............##
.................#.#....
.........%.......#.#....
................)..#.###
........................
....................####
.................#......
....#.....#.....)#......
.................#......


You could see a jelly and Natasha (weak).

Vanquished Creatures
  Grinder (D:4)
  Menkaure (D:4)
  Blork the orc (D:4)
  2 bombardier beetles
  An orc priest (D:3)
  An iguana (D:4)
  A sleepcap (D:3)
  Terence (D:2)
  3 adders (D:2)
  5 ribbon worms
  A dart slug (D:4)
  11 orcs
  5 ball pythons
  7 bats
  5 endoplasms
  2 giant cockroaches
  4 goblins
  8 hobgoblins
  A quokka (D:2)
  2 frilled lizards
  6 kobolds
  2 rats
71 creatures vanquished.

Vanquished Creatures (others)
  A goblin zombie (D:2)
1 creature vanquished.

Grand Total: 72 creatures vanquished

Notes
Turn   | Place    | Note
-------+----------+-------------------------------------------
     0 | D:1      | qw the Djinni Hunter began the quest for the Orb.
     0 | D:1      | Reached XP level 1. HP: 18/18 MP: 0/0
     0 | D:1      | 0 ||| qw: Version: 0.3-a-136-gdd3b4e8
     0 | D:1      | 0 ||| qw: Game counter: 1041
     0 | D:1      | 0 ||| qw: Melee chars always use a shield: true
     0 | D:1      | 0 ||| qw: God list: Okawaru
     0 | D:1      | 0 ||| qw: Allow faded altars: false
     0 | D:1      | 0 ||| qw: Do Orc after clearing Dungeon:15 true
     0 | D:1      | 0 ||| qw: Do second Lair branch before Depths: true
     0 | D:1      | 0 ||| qw: Lair rune preference: random
     0 | D:1      | 0 ||| qw: Goals: Normal
     0 | D:1      | 0 ||| PLANNING D:1-11
   373 | D:1      | Reached XP level 2. HP: 23/23 MP: 0/0
   711 | D:1      | 711 ||| UPGRADING to +0 ring mail.
   721 | D:1      | 721 ||| DROPPING +0 leather armour.
   722 | D:1      | 722 ||| READING 2 scrolls labelled VEASUG LYNIJI.
   722 | D:1      | 722 ||| IDENTIFYING fizzy dark potion
   723 | D:1      | 723 ||| READING scroll of identify.
   723 | D:1      | 723 ||| IDENTIFYING bubbling dark potion
   724 | D:1      | 724 ||| READING scroll labelled RAMU HEARAHI.
   724 | D:1      | 724 ||| BRANDING +0 shortbow.
   725 | D:1      | 725 ||| READING 2 scrolls labelled CEH HOEHOT.
   826 | D:1      | 826 ||| DROPPING scroll of butterflies.
   827 | D:1      | 827 ||| DROPPING potion of brilliance.
   828 | D:1      | 828 ||| DROPPING scroll of vulnerability.
   829 | D:1      | 829 ||| DROPPING potion of attraction.
   869 | D:2      | Reached skill level 4 in Ranged Weapons
   869 | D:2      | Reached XP level 3. HP: 28/28 MP: 0/0
   869 | D:2      | Learned a level 1 spell: Sting
   974 | D:2      | Reached skill level 1 in Armour
  1262 | D:2      | Noticed Terence
  1275 | D:2      | HP: 7/28 [Terence/+0 mace (4)]
  1279 | D:2      | Killed Terence
  1280 | D:2      | Reached XP level 4. HP: 7/34 MP: 0/0
  1405 | D:2      | Reached skill level 3 in Fighting
  1880 | D:2      | 1880 ||| UPGRADING to +0 pair of gloves.
  1885 | D:2      | 1885 ||| UPGRADING to amulet of the acrobat.
  1890 | D:2      | 1890 ||| UPGRADING to +6 ring of strength.
  1891 | D:2      | 1891 ||| READING scroll of identify.
  1891 | D:2      | 1891 ||| IDENTIFYING purple potion
  1892 | D:2      | 1892 ||| READING 4 scrolls labelled MEUJ URHINGU.
  1896 | D:2      | 1896 ||| READING scroll labelled WEFRIN TEKA.
  1897 | D:2      | 1897 ||| DRINKING 2 white potions.
  1898 | D:2      | 1898 ||| DROPPING potion of degeneration.
  1922 | D:3      | 1922 ||| STAIRDANCE
  1928 | D:3      | 1928 ||| STAIRDANCE
  1931 | D:2      | Reached XP level 5. HP: 40/40 MP: 0/0
  1931 | D:2      | Learned a level 2 spell: Mercury Vapours
  1942 | D:3      | Reached skill level 3 in Dodging
  2053 | D:3      | Found a burning altar of Makhleb.
  2160 | D:3      | Found Ylasiol's Weapon Shop.
  2309 | D:3      | Reached XP level 6. HP: 46/46 MP: 0/0
  2344 | D:3      | Found Ytrolet's General Store.
  2909 | D:3      | 2909 ||| UPGRADING to amulet of reflection.
  2919 | D:3      | 2919 ||| DROPPING amulet of the acrobat.
  2920 | D:3      | 2920 ||| READING scroll labelled CIATZORPHAI.
  2959 | D:4      | Noticed Blork the orc
  2967 | D:4      | 2967 ||| STAIRDANCE
  2983 | D:3      | 2983 ||| ZAPPING wand of flame (25) at -1,0 (sleepcap;
                  | floor).
  2984 | D:3      | 2984 ||| ZAPPING wand of flame (24) at -1,0 (sleepcap;
                  | floor).
  2985 | D:3      | 2985 ||| ZAPPING wand of flame (23) at -1,0 (sleepcap;
                  | floor).
  2986 | D:3      | Reached skill level 5 in Ranged Weapons
  3024 | D:4      | Killed Blork the orc
  3063 | D:4      | Found a snail-covered altar of Cheibriados.
  3141 | D:4      | Found a sparkling altar of Nemelex Xobeh.
  3166 | D:4      | Noticed Menkaure
  3167 | D:4      | 3167 ||| FLEEEEING.
  3168 | D:4      | 3168 ||| FLEEEEING.
  3171 | D:4      | 3171 ||| FLEEEEING.
  3172 | D:4      | 3172 ||| FLEEEEING.
  3176 | D:4      | 3176 ||| ZAPPING wand of flame (22) at -3,-4 (Menkaure;
                  | floor).
  3177 | D:4      | 3177 ||| ZAPPING wand of flame (21) at -2,-3 (Menkaure;
                  | floor).
  3178 | D:4      | 3178 ||| ZAPPING wand of flame (20) at -2,-3 (Menkaure;
                  | floor).
  3178 | D:4      | Killed Menkaure
  3179 | D:4      | Reached XP level 7. HP: 26/52 MP: 0/0
  3179 | D:4      | Learned a level 2 spell: Scorch
  3284 | D:4      | Identified the +5 short sword "Foevi Ruwiar" {elec, rCorr
                  | Dex+3}
  3293 | D:4      | Found a white marble altar of Elyvilon.
  3313 | D:4      | 3313 ||| ZAPPING wand of flame (19) at 0,-1 (iguana;
                  | floor).
  3314 | D:4      | 3314 ||| ZAPPING wand of flame (18) at 0,-1 (iguana;
                  | floor).
  3320 | D:4      | Noticed Grinder
  3321 | D:4      | 3321 ||| ZAPPING wand of flame (17) at 2,-6 (Grinder;
                  | floor).
  3322 | D:4      | 3322 ||| ZAPPING wand of flame (16) at 1,-5 (Grinder;
                  | floor).
  3323 | D:4      | 3323 ||| ZAPPING wand of flame (15) at 1,-4 (Grinder;
                  | floor).
  3324 | D:4      | 3324 ||| ZAPPING wand of flame (14) at 0,-3 (Grinder;
                  | floor).
  3325 | D:4      | 3325 ||| ZAPPING wand of flame (13) at 0,-2 (Grinder;
                  | floor).
  3326 | D:4      | 3326 ||| ZAPPING wand of flame (12) at 0,-2 (Grinder;
                  | floor).
  3327 | D:4      | 3327 ||| ZAPPING wand of flame (11) at 2,1 (Grinder;
                  | floor).
  3328 | D:4      | 3328 ||| ZAPPING wand of flame (10) at 1,0 (Grinder;
                  | floor).
  3329 | D:4      | 3329 ||| ZAPPING wand of flame (9) at 1,0 (Grinder; floor).
  3330 | D:4      | 3330 ||| ZAPPING wand of flame (8) at 1,0 (Grinder; floor).
  3330 | D:4      | Noticed Natasha
  3331 | D:4      | 3331 ||| ZAPPING wand of flame (7) at 1,0 (Grinder; floor).
  3332 | D:4      | 3332 ||| ZAPPING wand of flame (6) at 1,0 (Grinder; floor).
  3333 | D:4      | 3333 ||| ZAPPING wand of flame (5) at 1,0 (Grinder; floor).
  3334 | D:4      | 3334 ||| ZAPPING wand of flame (4) at 5,-6 (Grinder;
                  | floor).
  3337 | D:4      | Killed Grinder
  3337 | D:4      | HP: 10/52 [Natasha (5)]
  3338 | D:4      | Reached skill level 6 in Ranged Weapons
  3338 | D:4      | 3338 ||| READING 3 scrolls of teleportation.
  3338 | D:4      | Splashed by a jelly's acid

Levels and vault maps discovered:
D:1:      minmay_arrival_checkered_box, layout_basic
D:2:      layout_basic, uniq_terence
D:3:      layout_basic, bloody_makhleb, serial_shops, shop,
          nicolae_shop_real_fake_doors, st_stairs_14, serial_bayou_crossing
D:4:      layout_basic, slow_altar_1, elyvilon_altar_5,
          mainiacjoe_overflow_surrounded_room, uniq_menkaure, uniq_grinder,
          uniq_natasha, uniq_blork_the_orc, uniq_ijyb

Skill      XL: |  1  2  3  4  5  6  7 |
---------------+----------------------+-----
Ranged Weapons | 4 5 6 |  6.4
Armour         | 1 |  1.0
Fighting       | 3 4 |  4.1
Dodging        | 3 |  3.3
Stealth        | |  0.7

Action                     |  1- 3 |  4- 6 |  7- 9 || total
---------------------------+-------+-------+-------++-------
   Fire: Shortbow          |    95 |   150 |    15 ||   260
  Evoke: Wand              |       |     6 |    16 ||    22
    Use: Scroll            |     4 |     4 |     1 ||     9
         Potion            |       |     1 |       ||     1
 Armour: Leather armour    |     9 |       |       ||     9
         Ring mail         |     9 |    42 |     8 ||    59
  Dodge: Dodged            |    28 |    53 |     5 ||    86
  Block: Other             |       |     3 |     3 ||     6

Table legend:
 A = Non-vault XP
 B = Vault XP
 C = Vault XP percentage of total XP
 D = Non-vault monster count
 E = Vault monster count
 F = Vault count percentage of total count
                 A         B        C        D         E       F
            +---------+---------+-------+---------+---------+-------
      Total |     325 |     638 |  66.3 |      64 |       7 |   9.9
            +---------+---------+-------+---------+---------+-------
        D:1 |      25 |       0 |   0.0 |      15 |       0 |   0.0
        D:2 |      63 |      52 |  45.2 |      19 |       3 |  13.6
        D:3 |     186 |       0 |   0.0 |      24 |       0 |   0.0
        D:4 |      51 |     586 |  92.0 |       6 |       4 |  40.0
            +---------+---------+-------+---------+---------+-------
